 Dungeon Crawl Stone Soup version 0.29.1-15-g9cfb28693d (webtiles) character file.

Game seed: 6327968487946236178

1690910 ThatPearl the Slayer (level 27, 155/232 HPs)
             Began as a Demonspawn Brigand on Mar 14, 2023.
             Was the Champion of Fedhas.
             Escaped with the Orb
             ... and 3 runes on Mar 17, 2023!
             The game lasted 08:24:07 (69994 turns).

ThatPearl the Slayer (Demonspawn Brigand)          Turns: 69994, Time: 08:24:07

Health: 155/232    AC: 35    Str:  9 (12) XL:     27
Magic:  37/37      EV: 30    Int: 17 (18) God:    Fedhas [******]
Gold:   3967       SH:  0    Dex: 28 (29) Spells: 18/26 levels left

rFire   + + +      SeeInvis +   a - +6 arbalest (flame)
rCold   + + +      Faith    .   (shield currently unavailable)
rNeg    + . .      Spirit   .   U - +8 fire dragon scales
rPois   +          Reflect  .   (helmet unavailable)
rElec   +          Harm     .   v - +2 cloak {Will+}
rCorr   +          Rampage  .   d - +2 pair of gloves {Dex+3}
Will    +++++                   O - +4 pair of boots of Parts Unknown {rElec rPois Will+++ Int-4}
Stlth   ++........              F - amulet of Guit {rC+ Regen+ rCorr Stlth+}
HPRegen 1.28/turn               k - ring of Lady Luck {rF+ rN+ Int+4 Dex+3}
MPRegen 0.25/turn               Y - ring "Ryliecog" {rPois rC++}

@: studying 3 skills
A: antennae 3, demonic guardian 3, hurl damnation, foul stench 3, torment
resistance 1, sturdy frame 3, demonic willpower, hooves 1, clever 1, clumsy 1,
cold resistance 1, deterioration 2, sense surroundings 1, screaming 1, inability
to drink after injury 1, inability to read after injury 1
0: Orb of Zot
}: 3/15 runes: serpentine, barnacled, silver
a: Hurl Damnation, Renounce Religion, Wall of Briars, Grow Ballistomycete,
Overgrow, Grow Oklob


You escaped.
You worshipped Fedhas.
Fedhas was exalted by your worship.
You visited 11 branches of the dungeon, and saw 51 of its levels.
You also visited: Bailey, Ice Cave and Desolation.

You collected 9790 gold pieces.
You spent 5823 gold pieces at shops.

Inventory:

Hand Weapons
 a - a +6 arbalest of flaming (weapon)
 b - the +7 Spriggan's Knife {stab, EV+4 Stlth+}
   (You bought it in a shop on level 1 of the Snake Pit)

   It is more effective when stabbing unaware enemies, sometimes treating them
   as though they were completely helpless.
   EV:        It affects your evasion (+4).
   Stlth:     It makes you more stealthy.
 c - the +7 captain's cutlass {speed, disarm}
   (You found it on level 5 of the Lair of Beasts)

   Attacks with this weapon are significantly faster.
   It may disarm weapon-wielding foes when striking them, dealing extra damage
   in the process.
 t - the +9 sword of Zonguldrok {reap}
   (You found it on level 3 of the Crypt)

   Any living foe damaged by it may be reanimated upon death as a zombie
   friendly to the wielder, with an increasing chance as more damage is dealt.
Missiles
 G - a throwing net
 T - 2 curare-tipped darts
Armour
 d - a +2 pair of gloves of dexterity (worn)
 v - a +2 cloak of willpower (worn)
 O - the +4 pair of boots of Parts Unknown (worn) {rElec rPois Will+++ Int-4}
   (You found it on level 9 of the Dungeon)

   Int:       It affects your intelligence (-4).
   rElec:     It insulates you from electricity.
   rPois:     It protects you from poison.
   Will:      It greatly increases your willpower.
 U - +8 fire dragon scales (worn)
Jewellery
 k - the ring of Lady Luck (left hand) {rF+ rN+ Int+4 Dex+3}
   (You found it on level 3 of the Crypt)

   [ring of positive energy]

   Int:       It affects your intelligence (+4).
   Dex:       It affects your dexterity (+3).
   rF:        It protects you from fire.
   rN:        It protects you from negative energy.
 p - the ring "Zyikk" {rCorr Slay+4}
   (You found it on level 5 of the Vaults)

   [ring of slaying]

   Slay:      It affects your accuracy & damage with ranged weapons and melee
   (+4).
   rCorr:     It protects you from acid and corrosion.
 F - the amulet of Guit (around neck) {rC+ Regen+ rCorr Stlth+}
   (You found it in an ice cave)

   [amulet of regeneration]

   rC:        It protects you from cold.
   Regen:     It increases your rate of health regeneration.
   rCorr:     It protects you from acid and corrosion.
   Stlth:     It makes you more stealthy.
 I - the ring "Tupar" {Fly rN+ Will- rCorr}
   (You found it in the Desolation of Salt)

   [ring of resist corrosion]

   rN:        It protects you from negative energy.
   Fly:       It grants you flight.
   rCorr:     It protects you from acid and corrosion.
   Will:      It decreases your willpower.
 M - a +4 ring of slaying
 Y - the ring "Ryliecog" (right hand) {rPois rC++}
   (You found it on level 10 of the Dungeon)

   [ring of poison resistance]

   rC:        It greatly protects you from cold.
   rPois:     It protects you from poison.
Wands
 z - a wand of charming (30)
 B - a wand of mindburst (14)
 K - a wand of digging (7)
 N - a wand of light (13)
 Q - a wand of iceblast (47)
Scrolls
 f - 2 scrolls of silence
 g - 31 scrolls of identify
 h - 7 scrolls of magic mapping
 i - 3 scrolls of enchant armour
 s - 2 scrolls of amnesia
 u - 5 scrolls of poison
 x - a scroll of summoning
 y - 4 scrolls of fear
 C - 4 scrolls of fog
 J - 3 scrolls of blinking
 P - 4 scrolls of immolation
 V - 11 scrolls of teleportation
Potions
 e - 5 potions of heal wounds
 j - 5 potions of mutation
 l - 34 potions of curing
 n - 5 potions of berserk rage
 q - 6 potions of magic
 r - 7 potions of flight
 w - 9 potions of resistance
 D - 2 potions of invisibility
 E - a potion of haste
 H - 7 potions of brilliance
 R - 4 potions of cancellation
 W - 7 potions of might
 Z - 11 potions of ambrosia
Miscellaneous
 m - a lightning rod (4/4)
 o - a phantom mirror
 L - a box of beasts
 S - a phantom mirror
 X - a condenser vane


   Skills:
 + Level 22.3 Fighting
 - Level 14.0 Short Blades
 - Level 2.2(9.3) Long Blades
 - Level 22.0 Ranged Weapons
 - Level 5.0 Throwing
 - Level 18.0 Armour
 + Level 20.0 Dodging
 - Level 10.0 Stealth
 - Level 10.0 Shields
 + Level 4.8 Hexes
 - Level 8.8 Necromancy
 + Level 12.0 Translocations
 - Level 21.0 Invocations
 - Level 8.0 Evocations


You had 18 spell levels left.
You knew the following spells:

 Your Spells              Type           Power      Damage    Failure   Level
a - Portal Projectile     Hex/Tloc       56%        N/A       3%          3
v - Borgnjor's Vile Clut  Necr/Erth      7%         N/A       83%         5

Your spell library contained the following spells:

 Spells                   Type           Power      Damage    Failure   Level
 Apportation              Tloc           80%        N/A       1%          1
 Necrotise                Necr           100%       1d9       1%          1
 Sublimation of Blood     Necr           29%        N/A       1%          2
 Gell's Gravitas          Tloc           40%        N/A       1%          3
 Lesser Beckoning         Tloc           40%        N/A       1%          3
 Teleport Other           Tloc           40%        N/A       1%          3
 Passage of Golubria      Tloc           40%        N/A       2%          4
 Animate Dead             Necr           29%        N/A       9%          4
 Dispel Undead            Necr           29%        3d13      9%          4
 Ensorcelled Hibernation  Hex/Ice        16%        N/A       19%         2
 Anguish                  Hex/Necr       11%        N/A       21%         4
 Agony                    Necr           29%        N/A       24%         5
 Iskenderun's Mystic Bla  Conj/Tloc      20%        2d6       26%         4
 Foxfire                  Conj/Fire      0%         2x1d4     32%         1
 Freeze                   Ice            0%         1d3       32%         1
 Magic Dart               Conj           0%         1d3       32%         1
 Sting                    Tmut/Pois      0%         1d3       32%         1
 Summon Small Mammal      Summ           0%         N/A       32%         1
 Dazzling Flash           Conj/Hex       16%        N/A       34%         3
 Inner Flame              Hex/Fire       8%         N/A       34%         3
 Summon Guardian Golem    Hex/Summ       8%         N/A       34%         3
 Cause Fear               Hex            8%         N/A       41%         4
 Call Imp                 Summ           0%         N/A       43%         2
 Passwall                 Tmut/Erth      0%         N/A       43%         2
 Poisonous Vapours        Pois/Air       0%         N/A       43%         2
 Scorch                   Fire           0%         2d5       43%         2
 Static Discharge         Conj/Air       0%         3-3/arc   43%         2
 Wereblood                Tmut           0%         N/A       43%         2
 Summon Forest            Summ/Tloc      10%        N/A       58%         5
 Call Canine Familiar     Summ           0%         N/A       67%         3
 Conjure Flame            Conj/Fire      0%         6-21      67%         3
 Frozen Ramparts          Ice            0%         1d1       67%         3
 Mephitic Cloud           Conj/Pois/Air  0%         N/A       67%         3
 Stone Arrow              Conj/Erth      0%         3d7       67%         3
 Corpse Rot               Necr/Pois/Air  9%         N/A       67%         4
 Fulminant Prism          Conj/Hex       4%         3d6       75%         4
 Leda's Liquefaction      Hex/Erth       4%         N/A       75%         4
 Death Channel            Necr           14%        N/A       80%         6
 Animate Armour           Summ/Erth      0%         N/A       97%         4
 Flame Wave               Conj/Fire      0%         2d4       97%         4
 Hailstorm                Conj/Ice       0%         3d3       97%         4
 Ice Form                 Ice/Tmut       0%         N/A       97%         4
 Olgreb's Toxic Radiance  Pois           0%         N/A       97%         4
 Petrify                  Tmut/Erth      0%         N/A       97%         4
 Sticky Flame             Conj/Fire      0%         2d3       97%         4
 Summon Ice Beast         Ice/Summ       0%         N/A       97%         4
 Metabolic Englaciation   Hex/Ice        4%         N/A       97%         5
 Silence                  Hex/Air        4%         N/A       97%         5
 Summon Mana Viper        Hex/Summ       8%         N/A       97%         5
 Alistair's Intoxication  Tmut/Pois      0%         N/A       100%        5
 Blade Hands              Tmut           0%         N/A       100%        5
 Fireball                 Conj/Fire      0%         3d3       100%        5
 Freezing Cloud           Conj/Ice/Air   0%         6-21      100%        5
 Irradiate                Conj/Tmut      0%         3d11      100%        5
 Iskenderun's Battlesphe  Conj           0%         2d6       100%        5
 Lee's Rapid Deconstruct  Erth           0%         3d5*      100%        5
 Lightning Bolt           Conj/Air       0%         1d11      100%        5
 Conjure Ball Lightning   Conj/Air       0%         3x3d6     100%        6
 Eringya's Noxious Bog    Tmut/Pois      0%         N/A       100%        6
 Iron Shot                Conj/Erth      0%         9d1       100%        6
 Simulacrum               Ice/Necr       7%         N/A       100%        6
 Starburst                Conj/Fire      0%         6d3       100%        6
 Statue Form              Tmut/Erth      0%         N/A       100%        6
 Summon Cactus Giant      Summ           0%         N/A       100%        6
 Dragon Form              Tmut           0%         N/A       100%        7
 Haunt                    Necr/Summ      7%         N/A       100%        7
 Orb of Destruction       Conj           0%         9d5       100%        7
 Spellforged Servitor     Conj/Summ      0%         N/A       100%        7
 Summon Hydra             Summ           0%         N/A       100%        7
 Ignition                 Fire           0%         3d3       100%        8
 Infestation              Necr           14%        N/A       100%        8
 Maxwell's Capacitive Co  Air            0%         ∞         100%        8
 Chain Lightning          Conj/Air       0%         N/A       100%        9
 Dragon's Call            Summ           0%         N/A       100%        9
 Polar Vortex             Ice            0%         N/A       100%        9


Dungeon Overview and Level Annotations

Branches:
Dungeon (15/15)            Temple (1/1) D:4            Lair (5/5) D:10
 Shoals (4/4) Lair:3        Snake (4/4) Lair:2        Slime (0/5) Lair:5
    Orc (2/2) D:9             Elf (3/3) Orc:2        Vaults (5/5) D:13
  Crypt (3/3) Vaults:2     Depths (4/4) D:15            Zot (5/5) Depths:4
 Bailey (visited)           IceCv (visited)         Desolation (visited)
   Tomb: Crypt:3

Altars:
Ashenzari
Cheibriados
Dithmenos
Fedhas
Gozag
Hepliaklqana
Kikubaaqudgha
Makhleb
Nemelex Xobeh
Okawaru
Qazlal
Ru
Sif Muna
Trog
Uskayaw
Vehumet
Wu Jian
Xom
Yredelemnul

Shops:
D:6 :([:   D:8 !(([   D:9 :   D:14 (   Orc:2 *![?   Shoals:4 *   Snake:1 :[([
Snake:2 (   Vaults:2 !   Vaults:4 :

Portals:
Hell: Depths:1 Depths:2 Depths:3 Depths:4
Abyss: Depths:2 Depths:3
Pandemonium: Depths:2
Ziggurat: Depths:2

Annotations:
D:11 2 runed translucent doors
Snake:2 exclusion: downstairs
Snake:3 Roxanne
Elf:2 3 runed translucent doors
Crypt:3 exclusion: door, Khufu
Zot:1 3 runed translucent doors, Flapstick's ghost, legendary HaBe


Innate Abilities, Weirdness & Mutations

You have a pair of large antennae on your head. (SInv)
A powerful demonic guardian rushes to your aid.
You can hurl damnation.
You frequently emit foul miasma when damaged in melee.
You are resistant to unholy torment.
Your movements are significantly less encumbered by armour. (ER -6)
You punish those that try to bend your will. (Will+)
You have large cloven feet.
Your mind is acute. (Int +4, Str/Dex -1)
You are clumsy. (Dex -2)
Your flesh is cold resistant. (rC+)
Your body often deteriorates upon taking damage.
You passively map a small area around you.
You occasionally shout uncontrollably at your foes.
You occasionally lose the ability to drink potions when taking damage.
You occasionally lose the ability to read scrolls when taking damage.


Message History

a +0 robe; a +0 dagger
Items here: )) [[.
You see here a +0 short sword.
There is a stone staircase leading up here.
You climb upwards.
There is a stone staircase leading down here.
You see here a +0 chain mail.
A red devil comes into view. It is wielding a +0 trident.
There is a stone staircase leading up here.
The red devil completely misses you.
You climb upwards.
There is a stone staircase leading down here.
There is a stone staircase leading up here.
You climb upwards.
There is a stone staircase leading down here.
There is a stone staircase leading up here.
You climb upwards.
There is a stone staircase leading down here.
There is a stone staircase leading down here.
A Hell Sentinel comes into view.
The Hell Sentinel moves out of view.
Aiming: Hurl Damnation
Press: ? - help, Shift-Dir - straight line, f - Hell Sentinel
Aim: a Hell Sentinel The sphere of damnation explodes!
The damnation engulfs the Hell Sentinel.
The Hell Sentinel completely resists.
The Hell Sentinel gestures at you. The iron shot misses you.
Press: ? - help, v - describe, . - travel
Here: a Hell Sentinel The floor, spattered with blood.
The Hell Sentinel gestures at you.
The sphere of damnation explodes!
The damnation engulfs you!!
The damnation engulfs the bush!!!
The damnation engulfs the plant!
The plant begins to die.
There is a staircase leading out of the dungeon here.
The Hell Sentinel gestures at you.
The sphere of damnation explodes!
The damnation engulfs you!!
You have escaped!

##.>.....#..## #...#
##.####.##..########...# #.#
#.###.......##...# #.# #.#
#######..'...# #.####.#
##≈##≈####...########
#......###≈P≈≈.≈##...........#
#.#######≈P8P.8.≈#.#########'#
#......###.P...≈##.# #.......
#...#....1...@.....# #.......
#.....####.P..♣≈#### #.......
#.#.#.###≈P8P♣8♣≈# ########
#.#.#..###≈P≈≈♣≈##
#.#.#....##≈##≈##
###+#+#.##..### ##
#.......###.# #.).....# #.#
#.......# #.##


You could see a Hell Sentinel.

Vanquished Creatures
  3 dread liches (Zot:5)
  2 ancient liches
  5 orbs of fire
  A juggernaut (Depths:4)
  4 Killer Klowns (Zot:5)
  Parghit (Zot:3)
  A caustic shrike (Zot:5)
  3 curse toes (Zot:5)
  The ghost of Dacon the Minotaur Blade, an adept MiGl of Gozag (Vaults:4)
  9 golden dragons
  2 bone dragons
  Nikola (Shoals:1)
  4 electric golems
  The ghost of Silenth the Arsonist, an adept DrFE of Vehumet (Vaults:2)
  2 liches
  3 hellephants (Zot:5)
  2 deep elf blademasters (Elf:3)
  12 tentacled monstrosities
  8 titans
  4 quicksilver dragons
  24 Orb Guardians (Zot:5)
  Polyphemus (Shoals:2)
  3 ancient champions
  An Executioner (D:11)
  2 deep elf master archers (Elf:3)
  11 death cobs
  Frances (Shoals:2)
  A kraken (Shoals:4)
  Kirke (Shoals:3)
  4 sphinxes
  Gastronok (D:9)
  11 shadow dragons
  Donald (Shoals:1)
  17 storm dragons
  Ilsuiw (Shoals:3)
  6 tengu reavers
  7 draconian monks
  A revenant (Crypt:3)
  3 nagarajas
  5 deep elf sorcerers
  7 fire giants
  9 frost giants
  18 draconian scorchers
  9 draconian knights
  4 imperial myrmidons (Desolation)
  A caustic shrike zombie (Depths:4)
  2 orc warlords
  16 vault wardens
  An iron dragon (Depths:1)
  The ghost of ShinQuickMan the Sorcerer, an adept DESu of Gozag (Snake:4)
  A juggernaut zombie (Depths:4)
  9 draconian stormcallers
  A ghoul (Crypt:3)
  2 ghost moths
  Louise (D:14)
  2 spriggan defenders
  3 deep elf elementalists
  24 very ugly things
  17 ironbound preservers
  10 draconian shifters
  A war gargoyle (Vaults:2)
  2 angels (Vaults:3)
  7 draconian annihilators
  A caustic shrike skeleton (Crypt:1)
  6 ironbound thunderhulks
  10 stone giants
  A rockslime zombie (Crypt:2)
  16 green draconians
  4 vampire knights
  A deep elf demonologist (Elf:3)
  A lorocyproca (D:7)
  13 black draconians
  2 deep elf annihilators (Elf:3)
  2 halazid warlocks (Desolation)
  17 yellow draconians
  16 white draconians
  2 entropy weavers (Vaults:3)
  18 purple draconians
  Azrael (Orc:2)
  A spark wasp (Depths:3)
  8 red draconians
  A blizzard demon (Depths:2)
  18 dire elephants
  2 eidola (Crypt:2)
  3 merfolk javelineers
  20 jiangshi
  A crystal guardian (Vaults:4)
  5 ettins
  An elf zombie (Crypt:2)
  22 yaktaur captains
  Josephine (Orc:2)
  2 deep elf death magi
  A fire dragon (shapeshifter) (Depths:4)
  3 deep elf high priests
  6 merfolk impalers
  5 ragged hierophants (Desolation)
  6 fire dragons
  4 spriggan zombies
  8 great orbs of eyes
  Erolcha (D:13)
  35 vault guards
  9 hydras
  A fenstrider witch zombie (Crypt:2)
  2 quicksilver dragon skeletons
  3 servants of whispers (Desolation)
  9 ice dragons
  10 ogre magi
  2 salamander tyrants (Snake:4)
  18 ironbound frosthearts
  A hell beast (Depths:1)
  3 catoblepae
  7 peacekeepers
  A spriggan skeleton (Crypt:1)
  6 death knights
  3 merfolk avatars
  2 rakshasas
  3 alligator snapping turtles
  6 boulder beetles
  26 two-headed ogres
  14 centaur warriors
  2 death yaks (Shoals:2)
  9 deep troll shamans
  4 spriggan air magi
  A satyr (shapeshifter) (Zot:5)
  9 dancing weapons
  8 merfolk aquamancers
  2 satyrs
  9 anacondas
  8 naga sharpshooters
  11 naga warriors
  4 vampire magi
  10 deep troll earth magi
  8 shock serpents
  2 tengu warriors
  An alligator (shapeshifter) (Vaults:5)
  3 orc high priests (Vaults:2)
  6 spriggan berserkers
  2 storm dragon zombies (Depths:4)
  5 titan zombies
  2 soul eaters
  Nergalle (Lair:2)
  5 hell knights
  6 golden dragon zombies (Depths:4)
  29 skeletal warriors
  15 deep elf knights
  A sixfirhy (Zot:5)
  A titan skeleton (Crypt:2)
  12 iron trolls
  An emperor scorpion zombie (Crypt:1)
  2 bunyip zombies (Crypt:2)
  5 shadow wraiths
  9 sea snakes
  3 glowing orange brains
  5 salamander mystics (Snake:4)
  64 deep trolls
  5 harpies
  4 flayed ghosts
  20 orc knights
  4 naga ritualists
  10 necromancers
  14 wizards
  11 lindwurms
  29 deep elf pyromancers
  21 ironbound convokers
  A human zombie (Crypt:2)
  8 deep elf archers
  2 shadow dragon zombies (Crypt:1)
  4 phantasmal warriors
  5 tengu zombies (Depths:4)
  21 deep elf zephyrmancers
  10 mana vipers
  2 sphinx zombies (Depths:4)
  A wolf spider (D:15)
  17 manticores
  An iron dragon zombie (Depths:4)
  37 ugly things
  10 salamanders
  2 stone giant zombies
  A shining eye (shapeshifter) (Vaults:5)
  11 fauns
  2 orc sorcerers
  A moth of wrath (shapeshifter) (Zot:5)
  8 cyclopes
  A fire giant skeleton (Vaults:2)
  A goliath frog skeleton (Crypt:2)
  Maurice (D:8)
  37 moths of wrath
  A salamander (shapeshifter) (Vaults:5)
  An iron dragon skeleton (Crypt:1)
  11 vault sentinels
  12 guardian serpents
  5 human skeletons (Vaults:2)
  A frost giant skeleton (Vaults:2)
  2 stone giant skeletons
  A centaur zombie (Crypt:2)
  An elephant (D:10)
  Joseph (D:10)
  2 apocalypse crabs (Zot:5)
  25 black mambas
  13 naga magi
  4 ice statues
  7 merfolk sirens
  An eleionoma skeleton (Crypt:1)
  A molten gargoyle (Desolation)
  13 cane toads
  3 water nymphs
  A dire elephant skeleton (Crypt:3)
  4 gargoyles
  A centaur skeleton (Crypt:1)
  Maggie (D:7)
  11 komodo dragons
  3 unseen horrors
  10 freezing wraiths
  5 rime drakes
  A demonic crawler (D:9)
  3 kobold demonologists (D:14)
  A bunyip simulacrum (Crypt:1)
  A tengu conjurer (D:14)
  A sea snake skeleton (Crypt:2)
  29 yaktaurs
  An ice devil (Zot:5)
  2 spectral mana vipers (Snake:4)
  An anaconda simulacrum (Snake:4)
  A merfolk (shapeshifter) (Vaults:4)
  2 golden dragon simulacra (Depths:2)
  10 trolls
  A meliai (D:11)
  36 merfolk
  6 polar bears
  A harpy skeleton (Crypt:2)
  A harpy zombie (Crypt:1)
  A hydra skeleton (Crypt:1)
  7 wind drakes
  A shadow dragon simulacrum (Crypt:1)
  37 saltlings (Desolation)
  7 hornets
  27 dream sheep
  10 blink frogs
  A wind drake (shapeshifter) (Vaults:5)
  Prince Ribbit (Bailey)
  9 snapping turtles
  An alligator zombie (Crypt:2)
  32 slime creatures
  2 ettin zombies
  A spectral black mamba (Snake:4)
  A black mamba zombie (Crypt:2)
  2 centaur simulacra
  3 shock serpent simulacra (Snake:4)
  22 spriggans
  An ettin skeleton (Depths:2)
  39 flying skulls (Crypt:3)
  3 air elementals
  13 wraiths
  2 shadows
  32 yaks
  3 black mamba skeletons
  4 humans (Bailey)
  14 water elementals
  A satyr skeleton (Crypt:1)
  5 fire elementals
  6 wyverns
  12 vampire mosquitoes
  A hog (Shoals:3)
  A death yak simulacrum (Lair:4)
  3 basilisks
  2 wargs
  5 steam dragons
  3 elf skeletons (Vaults:2)
  2 swamp worms (D:8)
  30 nagas
  5 acid dragons
  A floating eye (shapeshifter) (D:11)
  18 water moccasins
  Duvessa (D:7)
  A hell hound (Orc:2)
  41 orc warriors
  3 glowing shapeshifter skeletons
  An ice beast (D:6)
  3 black bears
  An ice dragon simulacrum (Crypt:1)
  32 ogres
  A black mamba simulacrum (Snake:4)
  3 boggarts (Vaults:1)
  An ogre (shapeshifter) (Vaults:5)
  8 wolves
  An ettin simulacrum (Crypt:3)
  A tengu (shapeshifter) (Vaults:5)
  12 centaurs
  A phantom (D:6)
  7 kobold brigands
  4 necrophages
  4 gnoll sergeants
  15 bullfrogs
  3 earth elementals (Elf:1)
  3 scorpions
  A cane toad simulacrum (Lair:4)
  7 wights
  Dowan (D:7)
  A queen bee zombie (Crypt:2)
  A naga simulacrum (Snake:4)
  2 spectral nagas (Snake:4)
  5 lindwurm simulacra (IceCv)
  6 killer bees
  2 elephant simulacra (Lair:4)
  An electric eel (Snake:3)
  7 howler monkeys
  6 komodo dragon simulacra (IceCv)
  3 hounds (D:6)
  12 jellies (Lair:5)
  Crazy Yiuf (D:7)
  6 orc priests
  A basilisk skeleton (Crypt:2)
  3 gnoll boudas
  7 iguanas
  17 orc wizards
  A killer bee zombie (Crypt:1)
  2 wolf simulacra (Lair:4)
  22 gnolls
  4 acid dragon simulacra (IceCv)
  7 adders
  2 white imps (D:7)
  2 ufetubi
  6 steam dragon simulacra (IceCv)
  2 worms
  A dart slug (D:4)
  89 orcs
  4 ball pythons
  A bat zombie (Crypt:1)
  16 endoplasms
  A giant cockroach (D:4)
  5 goblins
  9 hobgoblins
  4 jackals (D:1)
  28 kobolds
  3 quokkas
  5 bats
  4 frilled lizards
  A hobgoblin skeleton (Crypt:2)
  5 rats
  2 ballistomycete spores
  2 tentacles (Shoals:4)
2352 creatures vanquished.

Vanquished Creatures (collateral kills)
  Mara (Vaults:3)
  Mennas (Crypt:3)
  A juggernaut (Depths:4)
  A Killer Klown (Zot:4)
  Saint Roka (Depths:2)
  A golden dragon (Vaults:5)
  Rupert (Orc:2)
  2 Orb Guardians (Zot:5)
  A deep elf master archer (Elf:3)
  An ancient champion (Crypt:1)
  A sphinx (Vaults:5)
  A draconian monk (Zot:3)
  A fire giant (Vaults:5)
  A draconian scorcher (Zot:5)
  An imperial myrmidon (Desolation)
  A deep elf sorcerer (Elf:3)
  A balrug (Depths:1)
  2 ironbound preservers (Vaults:5)
  A draconian stormcaller (Zot:4)
  A very ugly thing (Zot:5)
  A draconian annihilator (Zot:3)
  A war gargoyle (Vaults:4)
  An entropy weaver (shapeshifter) (Zot:5)
  2 deep elf demonologists
  A purple draconian (Zot:5)
  3 deep elf annihilators (Elf:3)
  4 deep elf death magi
  2 spark wasps (Depths:3)
  A crystal guardian (Vaults:4)
  A blizzard demon (Depths:1)
  A fire dragon (shapeshifter) (Vaults:5)
  6 jiangshi
  A merfolk javelineer (Shoals:4)
  A yaktaur captain (Vaults:2)
  A spriggan air mage (Depths:3)
  2 hydras
  An ice dragon (Depths:2)
  A hydra (shapeshifter) (Zot:5)
  3 vault guards
  3 two-headed ogres
  2 ogre magi (Orc:2)
  A naga warrior (Snake:4)
  A vampire mage (Crypt:1)
  A deep troll earth mage (Depths:4)
  A shock serpent (Snake:3)
  An iron troll (Depths:3)
  2 skeletal warriors
  A golden dragon zombie (Depths:4)
  3 deep trolls
  2 sea snakes (Shoals:4)
  A spriggan druid (Depths:3)
  4 deep elf archers
  2 orc knights
  A deep elf pyromancer (Elf:3)
  An ugly thing (Vaults:2)
  A manticore (shapeshifter) (Zot:5)
  A stone giant zombie (Crypt:1)
  A moth of wrath (Zot:5)
  A merfolk siren (Shoals:3)
  A vault sentinel (Vaults:5)
  An apocalypse crab (Zot:5)
  A guardian serpent (Snake:4)
  2 cane toads (Lair:1)
  3 yaktaurs
  2 merfolk (Shoals:4)
  2 wind drakes (Shoals:4)
  3 saltlings (Desolation)
  A slime creature (Vaults:1)
  An air elemental (Elf:1)
  4 flying skulls (Crypt:3)
  A water elemental (Shoals:4)
  A culicivora (shapeshifter) (Vaults:5)
  2 fire elementals
  A hell hound (Orc:2)
  8 ogres (Orc:2)
  3 orc warriors
  A wolf (Lair:1)
  A bullfrog (Lair:1)
  A necrophage (Crypt:3)
  A wight (D:9)
  2 electric eels (Snake:3)
  A yak skeleton (Crypt:1)
  9 orcs
  62 ballistomycete spores
202 creatures vanquished.

Vanquished Creatures (others)
  A dread lich (Zot:5)
  A dancing weapon (Elf:3)
  A two-headed ogre (Orc:2)
  A moth of wrath (Zot:4)
  A black mamba (Snake:2)
  A water elemental (Elf:3)
  A yak (D:11)
  A shadow (D:10)
  An ogre (Orc:2)
  An orc wizard (Orc:2)
  7 ballistomycete spores
  3 bushes (Lair:5)
  42 fungi
  372 plants
  11 tentacles (Shoals:4)
  4 toadstools (D:1)
449 creatures vanquished.

Grand Total: 3003 creatures vanquished

Notes
Turn   | Place    | Note
-------+----------+-------------------------------------------
     0 | D:1      | ThatPearl the Demonspawn Brigand began the quest for the
                  | Orb.
     0 | D:1      | Reached XP level 1. HP: 16/16 MP: 1/1
    82 | D:1      | Reached skill level 1 in Dodging
   162 | D:1      | Gained mutation: You may rarely emit foul miasma when
                  | damaged in melee. [demonic ancestry]
   162 | D:1      | Reached XP level 2. HP: 20/22 MP: 2/2
   798 | D:1      | Gained mutation: You sometimes emit foul miasma when
                  | damaged in melee. [demonic ancestry]
   798 | D:1      | Reached XP level 3. HP: 24/28 MP: 3/3
  1353 | D:2      | Found a broken altar of Ashenzari.
  1391 | D:2      | Identified the +0 leather armour of Darkness {Harm Str+4
                  | Int+3 Dex+4}
  1895 | D:3      | Identified the +1 ring mail of Qazlal's Envy {Dex+4}
  1926 | D:3      | Found a faded altar of an unknown god.
  1945 | D:3      | Reached XP level 4. HP: 35/35 MP: 4/4
  2261 | D:4      | Noticed a scorpion
  2266 | D:4      | Killed a scorpion
  2267 | D:4      | Gained mutation: You frequently emit foul miasma when
                  | damaged in melee. [demonic ancestry]
  2267 | D:4      | Reached XP level 5. HP: 41/41 MP: 5/5
  2451 | D:4      | Found a staircase to the Ecumenical Temple.
  2458 | Temple   | Entered the Ecumenical Temple
  2499 | Temple   | Became a worshipper of Fedhas Madash
  2746 | D:4      | Gained mutation: Your movements are slightly less
                  | encumbered by armour. (ER -2) [demonic ancestry]
  2746 | D:4      | Reached XP level 6. HP: 47/47 MP: 6/6
  2803 | D:4      | Reached skill level 1 in Invocations
  2949 | D:5      | Entered Level 5 of the Dungeon
  3322 | D:5      | Reached * piety under Fedhas
  3344 | D:5      | Gained mutation: Your movements are less encumbered by
                  | armour. (ER -4) [demonic ancestry]
  3344 | D:5      | Reached XP level 7. HP: 52/52 MP: 7/9
  3712 | D:6      | Reached skill level 5 in Stealth
  3828 | D:6      | Noticed a steam dragon
  4111 | D:6      | Reached XP level 8. HP: 58/58 MP: 11/11
  4117 | D:6      | Reached skill level 5 in Throwing
  4213 | D:6      | Reached skill level 5 in Invocations
  4270 | D:6      | Found Kazim's Book Shop.
  4271 | D:6      | Found Icuvag's Antique Armour Shop.
  4272 | D:6      | Found Noilawes's Weapon Shop.
  4359 | D:6      | Reached skill level 5 in Dodging
  4391 | D:6      | Found Muasecw's Book Shop.
  4532 | D:6      | Bought a glowing cloak for 180 gold pieces
  4743 | D:6      | Reached ** piety under Fedhas
  4817 | D:7      | Found a flagged portal.
  4823 | Bailey   | Entered a bailey
  4915 | Bailey   | Reached XP level 9. HP: 62/63 MP: 15/15
  5024 | Bailey   | Noticed Prince Ribbit
  5024 | Bailey   | Noticed a vault guard
  5047 | Bailey   | Killed Prince Ribbit
  5079 | Bailey   | Killed a vault guard
  5080 | Bailey   | Reached skill level 10 in Invocations
  5138 | Bailey   | Noticed a vault guard
  5246 | Bailey   | Killed a vault guard
  5247 | Bailey   | Reached XP level 10. HP: 70/70 MP: 18/18
  5454 | D:7      | Noticed Maggie
  5490 | D:7      | Killed Maggie
  5675 | D:7      | You fall into a shaft and drop 3 floors!
  5675 | D:10     | Entered Level 10 of the Dungeon
  5720 | D:9      | Reached skill level 1 in Ranged Weapons
  5898 | D:8      | Noticed Maurice
  5910 | D:9      | Found Vovak's Self-Improvement Boutique.
  5984 | D:9      | Reached *** piety under Fedhas
  6102 | D:9      | Found a basalt altar of Yredelemnul.
  6107 | D:9      | Found a faded altar of an unknown god.
  6109 | D:9      | Found an ornate altar of the Wu Jian Council.
  6110 | D:9      | Found a sparkling altar of Nemelex Xobeh.
  6214 | D:9      | Noticed Gastronok
  6261 | D:9      | Killed Gastronok
  6321 | D:9      | Identified the +4 pair of boots of Parts Unknown {rElec
                  | rPois Will+++ Int-4}
  6663 | D:9      | Found a staircase to the Orcish Mines.
  6711 | D:8      | Found Gumyva's Antique Armour Emporium.
  6740 | D:8      | Found Xiav's Distillery.
  6748 | D:8      | Bought a potion of degeneration for 14 gold pieces
  6837 | D:8      | Reached skill level 5 in Fighting
  7044 | D:8      | Killed Maurice
  7093 | D:7      | Reached XP level 11. HP: 80/80 MP: 20/20
  7139 | D:7      | Noticed Dowan
  7349 | D:7      | Noticed Duvessa
  7369 | D:7      | Killed Duvessa
  7377 | D:7      | Killed Dowan
  7603 | D:7      | Reached **** piety under Fedhas
  7634 | D:7      | Found a runed translucent door.
  7635 | D:7      | Noticed Crazy Yiuf
  7641 | D:7      | Killed Crazy Yiuf
  7902 | D:8      | Found Inyuj's Weapon Shoppe.
  8191 | D:8      | Reached skill level 10 in Dodging
  8257 | D:8      | Found Pyulloeh's Antique Weapon Shop.
  8564 | D:9      | Reached skill level 1 in Armour
  8680 | D:9      | Reached skill level 5 in Ranged Weapons
  8894 | D:10     | Noticed Joseph
  8929 | D:10     | Killed Joseph
  8982 | D:10     | Identified the ring "Ryliecog" {rPois rC++}
  9021 | D:10     | Found a staircase to the Lair.
  9178 | D:10     | Found a bloodstained altar of Trog.
  9203 | D:10     | Identified the +7 plate armour "Ratifyru" {Will- Str+7}
  9462 | Lair:1   | Entered Level 1 of the Lair of Beasts
  9494 | Lair:1   | Found a shadowy altar of Dithmenos.
  9646 | Lair:1   | Reached ***** piety under Fedhas
 10374 | Lair:2   | Reached XP level 12. HP: 91/91 MP: 22/22
 10923 | Lair:2   | Noticed Nergalle
 10932 | Lair:2   | Killed Nergalle
 11040 | Lair:2   | Found a staircase to the Snake Pit.
 11304 | Lair:3   | Noticed an eight-headed hydra
 11313 | Lair:3   | Killed an eight-headed hydra
 11314 | Lair:3   | Reached skill level 5 in Armour
 11609 | Lair:3   | Noticed an eight-headed hydra
 11619 | Lair:3   | Killed an eight-headed hydra
 11706 | Lair:3   | Found a staircase to the Shoals.
 12606 | Lair:4   | Found a frozen archway.
 12658 | Lair:4   | Identified the +11 hand axe of the End of Times {drain,
                  | Fragile Dex+4 SInv}
 12677 | IceCv    | Entered an ice cave
 12689 | IceCv    | Reached skill level 15 in Invocations
 12713 | IceCv    | Reached XP level 13. HP: 101/101 MP: 24/24
 13215 | IceCv    | Noticed a white draconian
 13254 | IceCv    | Killed a white draconian
 13308 | IceCv    | Identified the amulet of Guit {rC+ Regen+ rCorr Stlth+}
 14361 | Orc:1    | Entered Level 1 of the Orcish Mines
 14620 | Orc:1    | Found the +4 robe of Folly {Brilliance Will-∞ Int+8}
 14731 | Orc:2    | Entered Level 2 of the Orcish Mines
 14758 | Orc:1    | Reached ****** piety under Fedhas
 15010 | Orc:2    | Reached skill level 10 in Ranged Weapons
 15337 | Orc:2    | Gained mutation: Your movements are significantly less
                  | encumbered by armour. (ER -6) [demonic ancestry]
 15337 | Orc:2    | Reached XP level 14. HP: 108/108 MP: 26/26
 15576 | Orc:2    | Noticed Azrael
 15629 | Orc:2    | Noticed Rupert
 15644 | Orc:2    | Killed Rupert
 15645 | Orc:2    | Killed Azrael
 15722 | Orc:2    | Noticed Josephine
 15736 | Orc:2    | Killed Josephine
 15790 | Orc:2    | Found a staircase to the Elven Halls.
 15852 | Orc:2    | Found Picewax's Magic Scroll Shoppe.
 15852 | Orc:2    | Found Lobeinyan's Distillery.
 15852 | Orc:2    | Found Duczugou's Armour Shop.
 15852 | Orc:2    | Found Zathestro's Assorted Antiques.
 15867 | Orc:2    | Bought a scroll of identify for 28 gold pieces
 15867 | Orc:2    | Bought a scroll of identify for 28 gold pieces
 15867 | Orc:2    | Identified a scroll of acquirement
 15871 | Orc:2    | Acquired the +1 pair of gloves of Quick Curiosity {Slay+2}
 16236 | Lair:5   | Entered Level 5 of the Lair of Beasts
 16991 | Lair:5   | Found a staircase to the Slime Pits.
 17233 | Lair:5   | Found the +7 captain's cutlass {speed, disarm}
 17813 | Snake:1  | Entered Level 1 of the Snake Pit
 17916 | Snake:1  | Found Fupeet's Antique Armour Boutique.
 17926 | Snake:1  | Found Tauzid's Armour Shop.
 17926 | Snake:1  | Found Fachoi Zeti's Book Boutique.
 17930 | Snake:1  | Found Konepe's Weapon Shop.
 17946 | Snake:1  | Bought the +7 Spriggan's Knife {stab, EV+4 Stlth+} for 890
                  | gold pieces
 17946 | Snake:1  | Found the +7 Spriggan's Knife {stab, EV+4 Stlth+}
 17952 | Snake:1  | Bought a brightly glowing helmet for 209 gold pieces
 17952 | Snake:1  | Identified the +0 helmet "Caraluif" {Int+4 SInv} (You
                  | bought it in a shop on level 1 of the Snake Pit)
 17966 | Snake:1  | Bought a faintly humming ring mail for 198 gold pieces
 17966 | Snake:1  | Identified the +5 ring mail of Zeamme Comp {-Tele rElec
                  | rF+++ Int+2} (You bought it in a shop on level 1 of the
                  | Snake Pit)
 19535 | Snake:2  | Gained mutation: You have a pair of small antennae on your
                  | head. [demonic ancestry]
 19535 | Snake:2  | Reached XP level 15. HP: 21/113 MP: 27/27
 20051 | Snake:2  | Found Qekoika's Antique Weapon Boutique.
 20223 | Snake:3  | Identified Roxanne's Book of Changing
 20223 | Snake:3  | Noticed Roxanne
 20840 | Snake:3  | Noticed a nagaraja
 20846 | Snake:3  | Killed a nagaraja
 21164 | Snake:4  | Entered Level 4 of the Snake Pit
 21642 | Shoals:1 | Entered Level 1 of the Shoals
 21642 | Shoals:1 | Noticed Nikola
 21820 | D:6      | Bought a +1 arbalest of flaming for 196 gold pieces
 22018 | Shoals:1 | Killed Nikola
 22634 | Shoals:1 | Reached skill level 5 in Short Blades
 22937 | Shoals:2 | Noticed Donald
 22951 | Shoals:1 | Killed Donald
 23002 | Shoals:2 | Noticed Frances
 23012 | Shoals:2 | Killed Frances
 23397 | Shoals:2 | Noticed Polyphemus
 23446 | Shoals:2 | Gained mutation: You have a pair of antennae on your head.
                  | [demonic ancestry]
 23446 | Shoals:2 | Reached XP level 16. HP: 120/120 MP: 29/29
 23509 | Shoals:2 | Killed Polyphemus
 23718 | Shoals:3 | Noticed Ilsuiw
 23973 | Shoals:3 | Noticed Kirke
 23986 | Shoals:3 | Killed Kirke
 24295 | Shoals:3 | Killed Ilsuiw
 24782 | Shoals:4 | Entered Level 4 of the Shoals
 24782 | Shoals:4 | Found Fylimaos's Gadget Gallery.
 25227 | Shoals:4 | Reached skill level 15 in Ranged Weapons
 25353 | Shoals:4 | Reached skill level 10 in Armour
 25584 | Shoals:4 | Reached skill level 1 in Evocations
 25935 | Shoals:4 | Got a barnacled rune of Zot
 26075 | Shoals:4 | Noticed a kraken
 26101 | Shoals:4 | Killed a kraken
 26311 | Shoals:4 | Noticed a kraken
 26573 | Elf:1    | Entered Level 1 of the Elven Halls
 26601 | Elf:1    | Found a radiant altar of Vehumet.
 26607 | Elf:1    | Reached XP level 17. HP: 125/125 MP: 30/30
 27487 | Elf:1    | Reached skill level 10 in Stealth
 27541 | Elf:1    | Paralysed by an air elemental for 1 turns
 27549 | Elf:1    | Paralysed by an air elemental for 1 turns
 27558 | Elf:1    | HP: 5/123 [+5 vorpal battleaxe (27)]
 27921 | Elf:2    | Identified the +10 dire flail of Turmoil {venom, rElec
                  | rPois}
 28241 | Elf:2    | Paralysed by an air elemental for 1 turns
 28244 | Elf:2    | Paralysed by an air elemental for 1 turns
 28248 | Elf:2    | Paralysed by an air elemental for 1 turns
 28250 | Elf:2    | Paralysed by an air elemental for 1 turns
 28410 | Elf:2    | Found a runed translucent gate.
 28410 | Elf:2    | Found a runed translucent gate.
 28412 | Elf:2    | Found a runed translucent gate.
 28648 | D:9      | Bought a manual of Armour for 1360 gold pieces
 29230 | D:11     | Reached skill level 5 in Evocations
 29445 | D:11     | Found a runed translucent door.
 29449 | D:11     | Found a runed translucent door.
 29449 | D:11     | Found a runed translucent door.
 29906 | D:12     | Identified the +1 robe "Xankaun" {Str+10 Int-3 Dex-4 SInv}
 30582 | D:13     | Noticed Erolcha
 30586 | D:13     | Killed Erolcha
 30966 | D:13     | Gained mutation: You have a pair of large antennae on your
                  | head. (SInv) [demonic ancestry]
 30966 | D:13     | Reached XP level 18. HP: 134/134 MP: 31/31
 31123 | D:13     | Found a gate to the Vaults.
 31404 | D:14     | Found a shadowy altar of Dithmenos.
 31557 | D:14     | Reached skill level 10 in Fighting
 31632 | D:14     | Found Egoy's Weapon Shoppe.
 31761 | D:14     | Noticed Louise
 31786 | D:14     | Killed Louise
 31978 | D:15     | Entered Level 15 of the Dungeon
 32308 | D:15     | Found a staircase to the Depths.
 33062 | Vaults:1 | Entered Level 1 of the Vaults
 34085 | Vaults:1 | Reached skill level 10 in Short Blades
 34120 | Vaults:1 | Identified the +9 dire flail of the Gnashing Moth {vorpal,
                  | rF+ rN+}
 34623 | Vaults:2 | Gained mutation: You punish those that try to bend your
                  | will. (Will+) [demonic ancestry]
 34623 | Vaults:2 | Reached XP level 19. HP: 54/144 MP: 32/32
 35791 | Vaults:2 | Found a staircase to the Crypt.
 36131 | Vaults:2 | Found Heodwuf's Distillery.
 36441 | Vaults:2 | Found a runed translucent gate.
 36441 | Vaults:2 | Found a runed translucent gate.
 36441 | Vaults:2 | Found a runed translucent gate.
 36441 | Vaults:2 | Noticed Silenth's ghost (adept DrFE)
 36828 | Vaults:2 | Killed Silenth's ghost
 37108 | Vaults:3 | Found a crumbling gateway.
 37185 | Desolati | Entered the Desolation of Salt
 37230 | Desolati | Reached skill level 15 in Armour
 37422 | Desolati | Identified the +7 dagger of the Lesser Evil {vorpal, rElec}
 37427 | Desolati | Identified the +0 demon blade "Fasetiri" {vamp, rCorr}
 37589 | Desolati | Found the +7 lajatang of Order {silver, rMut}
 37592 | Desolati | Identified the +9 great sword of Qofan {venom, rF+ Dex+5}
 37600 | Desolati | Identified the ring "Tupar" {Fly rN+ Will- rCorr}
 37607 | Desolati | Identified the ring of Qyikuy {Int+6 Dex+3}
 37639 | Desolati | Identified the +1 leather armour of the Hidden Servitors
                  | {rC+ Int+2}
 38548 | Vaults:3 | Gained mutation: A weak demonic guardian rushes to your
                  | aid. [demonic ancestry]
 38548 | Vaults:3 | Reached XP level 20. HP: 126/157 MP: 33/33
 38639 | Vaults:3 | Acquired 807 gold pieces
 39505 | Vaults:3 | Noticed Mara
 39510 | Vaults:3 | Noticed ThatPearl's illusion
 39519 | Vaults:3 | Killed Mara
 41163 | Vaults:4 | Found Sadur's Book Emporium.
 41902 | Vaults:4 | Found a runed translucent gate.
 41904 | Vaults:4 | Found a runed translucent gate.
 41905 | Vaults:4 | Found a runed translucent gate.
 41906 | Vaults:4 | Noticed Dacon's ghost (adept MiGl)
 42213 | Depths:1 | Entered Level 1 of the Depths
 42263 | Depths:1 | Found a sparkling altar of Nemelex Xobeh.
 42529 | Depths:1 | Gained mutation: A demonic guardian rushes to your aid.
                  | [demonic ancestry]
 42529 | Depths:1 | Reached XP level 21. HP: 160/167 MP: 34/34
 42678 | Depths:1 | Found a gateway to Hell.
 42815 | Depths:1 | Reached skill level 15 in Fighting
 42884 | Depths:1 | Found a faded altar of an unknown god.
 43219 | Depths:1 | Found a hazy altar of Hepliaklqana.
 43221 | Depths:1 | Found a faded altar of an unknown god.
 43528 | Depths:2 | Found a one-way gate leading to the halls of Pandemonium.
 43541 | Depths:2 | Found a one-way gate to the infinite horrors of the Abyss.
 43820 | Depths:2 | Noticed Saint Roka
 43836 | Depths:2 | Found a one-way gateway to a ziggurat.
 43929 | Depths:2 | Killed Saint Roka
 44154 | Depths:2 | Reached skill level 15 in Dodging
 44621 | Depths:2 | Noticed an ancient lich
 44637 | Depths:2 | Killed an ancient lich
 45138 | Depths:3 | Noticed a golden dragon
 45144 | Depths:3 | Killed a golden dragon
 46772 | Elf:3    | Entered Level 3 of the Elven Halls
 46792 | Elf:3    | Gained mutation: A powerful demonic guardian rushes to your
                  | aid. [demonic ancestry]
 46792 | Elf:3    | Reached XP level 22. HP: 178/178 MP: 36/36
 46969 | Elf:3    | Identified the +2 dire flail "Bent" {venom, Dex+6}
 46973 | Elf:3    | Found the +8 demon blade "Leech" {vamp, Harm Drain rN+}
 47472 | Elf:3    | Identified the +6 dire flail of Vanity {speed, rN+ Will++}
 47845 | Elf:3    | Identified the ring of Gympigg {Ice Will++ Str-4}
 48430 | Crypt:1  | Entered Level 1 of the Crypt
 50340 | Crypt:2  | Identified the +1 robe of Dayd Wun {Rampage Str+8 Stlth-}
 51193 | Crypt:3  | Entered Level 3 of the Crypt
 51435 | Crypt:3  | Found an ancient bone altar of Kikubaaqudgha.
 51435 | Crypt:3  | Noticed Mennas
 51448 | Crypt:3  | Killed Mennas
 51575 | Crypt:3  | Reached XP level 23. HP: 151/188 MP: 37/37
 51951 | Crypt:3  | Identified the ring "Jawytzup" {rPois rN+ Str-4 Int+4}
 51951 | Crypt:3  | Identified the ring of Lady Luck {rF+ rN+ Int+4 Dex+3}
 51951 | Crypt:3  | Identified the ring "Cavven" {rN+ Int+5}
 52100 | Crypt:3  | Found the +9 sword of Zonguldrok {reap}
 52140 | Crypt:3  | Noticed Khufu
 52761 | Depths:4 | Entered Level 4 of the Depths
 52761 | Depths:4 | Noticed a juggernaut
 52783 | Depths:4 | Killed a juggernaut
 53155 | Depths:4 | Found a gate to the Realm of Zot.
 53343 | Depths:4 | Noticed a juggernaut
 53384 | Depths:4 | Killed a juggernaut
 53708 | Depths:4 | Found a basalt altar of Yredelemnul.
 53899 | Depths:4 | Found a hide-covered altar of Uskayaw.
 55398 | Snake:4  | Found a runed translucent gate.
 55398 | Snake:4  | Found a runed translucent gate.
 55398 | Snake:4  | Found a runed translucent gate.
 55399 | Snake:4  | Noticed ShinQuickMan's ghost (adept DESu)
 55594 | Snake:4  | Reached XP level 24. HP: 200/200 MP: 35/37
 55600 | Snake:4  | Killed ShinQuickMan's ghost
 55616 | Snake:4  | Identified the ring of Fiybirgh {rElec rF- rN+ Str-4 SInv}
 56013 | Snake:4  | Got a serpentine rune of Zot
 56486 | Vaults:4 | Killed Dacon's ghost
 56820 | Vaults:5 | Entered Level 5 of the Vaults
 57000 | Vaults:5 | Paralysed by a floating eye for 4 turns
 57221 | Vaults:5 | Identified the +2 war axe of the Twelve Xenops {freeze,
                  | rPois Str+3}
 57235 | Vaults:5 | Identified the amulet "Bozxo" {Acrobat Rampage}
 57738 | Vaults:5 | Got a silver rune of Zot
 57990 | Vaults:5 | Learned a level 5 spell: Borgnjor's Vile Clutch
 58000 | Vaults:5 | Identified the ring "Zyikk" {rCorr Slay+4}
 58297 | Vaults:5 | Identified the +11 war axe of the Jumping Gods {drain, rN+
                  | Will++ Int+4}
 58297 | Vaults:5 | Identified the +9 plate armour of Masochism {Dex+2}
 58342 | Vaults:5 | Identified the +0 leather armour of the Six Seas {rF-
                  | Regen+ SInv Stlth-}
 58344 | Vaults:5 | Got the Exposition on Clay and Exhumation
 58404 | Vaults:5 | Got the Anthology of Mercurial Arcane Weapons
 58551 | Vaults:5 | Got Lola's Exposition on Assembling
 59496 | D:9      | Bought a manual of Shields for 1360 gold pieces
 59767 | Zot:1    | Entered Level 1 of the Realm of Zot
 59788 | Zot:1    | Reached skill level 1 in Shields
 59847 | Zot:1    | Gained mutation: You are resistant to unholy torment.
                  | [demonic ancestry]
 59847 | Zot:1    | Reached XP level 25. HP: 210/210 MP: 37/37
 59948 | Zot:1    | Found the +5 scythe "Finisher" {speed, eviscerate}
 60404 | Zot:1    | Noticed an orb of fire
 60584 | Zot:1    | Gained mutation: You occasionally lose the ability to drink
                  | potions when taking damage. [an orb of fire]
 60596 | Zot:1    | Killed an orb of fire
 60678 | Zot:1    | Found a runed translucent gate.
 60679 | Zot:1    | Found a runed translucent gate.
 60680 | Zot:1    | Found a runed translucent gate.
 60683 | Zot:1    | Noticed Flapstick's ghost (legendary HaBe)
 61141 | Zot:2    | Reached skill level 5 in Shields
 62410 | Zot:2    | Reached skill level 1 in Long Blades
 62870 | Zot:3    | Reached skill level 1 in Necromancy
 63109 | Zot:3    | Learned a level 3 spell: Portal Projectile
 63437 | D:9      | Bought a manual of Translocations for 1360 gold pieces
 63948 | Zot:3    | Noticed Parghit
 64084 | Zot:3    | Reached skill level 1 in Translocations
 64312 | Zot:3    | Got the Tome of Hindering Coordinates
 64597 | Zot:3    | Killed Parghit
 64803 | Zot:4    | Found the +8 trishula "Condemnation" {holy, anguish, *Noise
                  | Fly rN+}
 64922 | Zot:4    | Found an ancient bone altar of Kikubaaqudgha.
 65503 | Zot:4    | Noticed a Killer Klown
 65570 | Zot:3    | Reached XP level 26. HP: 222/222 MP: 37/37
 65631 | Zot:3    | Lost mutation: You occasionally lose the ability to drink
                  | potions when taking damage. [potion of mutation]
 65631 | Zot:3    | Gained mutation: You sometimes lose your temper in combat.
                  | [potion of mutation]
 65631 | Zot:3    | Gained mutation: You are robust. (+10% HP) [potion of
                  | mutation]
 65631 | Zot:3    | Gained mutation: You are partially covered in large bone
                  | plates. (SH +4) [potion of mutation]
 65632 | Zot:3    | Lost mutation: You are partially covered in large bone
                  | plates. (SH +4) [potion of mutation]
 65632 | Zot:3    | Lost mutation: You sometimes lose your temper in combat.
                  | [potion of mutation]
 65632 | Zot:3    | Gained mutation: You are dopey. (Int -2) [potion of
                  | mutation]
 65632 | Zot:3    | Gained mutation: You are very robust. (+20% HP) [potion of
                  | mutation]
 65632 | Zot:3    | Lost mutation: You are dopey. (Int -2) [potion of mutation]
 65774 | Zot:4    | Reached skill level 10 in Shields
 65890 | Zot:4    | Reached skill level 5 in Translocations
 65948 | Zot:4    | Reached skill level 5 in Necromancy
 66207 | Zot:4    | Found an ancient bone altar of Kikubaaqudgha.
 67009 | Zot:5    | Entered Level 5 of the Realm of Zot
 67009 | Zot:5    | Found a huge runed gate.
 67009 | Zot:5    | Found a huge runed gate.
 67009 | Zot:5    | Found a huge runed gate.
 67009 | Zot:5    | Found a huge runed gate.
 67011 | Zot:5    | Found a huge runed gate.
 67011 | Zot:5    | Found a huge runed gate.
 67012 | Zot:5    | Found a huge runed gate.
 67012 | Zot:5    | Found a huge runed gate.
 67013 | Zot:5    | Found a huge runed gate.
 67013 | Zot:5    | Found a huge runed gate.
 67014 | Zot:5    | Found a huge runed gate.
 67014 | Zot:5    | Found a huge runed gate.
 67014 | Zot:5    | Found a huge runed gate.
 67017 | Zot:5    | Found a huge runed gate.
 67017 | Zot:5    | Found a huge runed gate.
 67017 | Zot:5    | Found a huge runed gate.
 67018 | Zot:5    | Found a huge runed gate.
 67019 | Zot:5    | Found a huge runed gate.
 67020 | Zot:5    | Found a huge runed gate.
 67034 | Zot:5    | Found a huge runed gate.
 67034 | Zot:5    | Found a huge runed gate.
 67034 | Zot:5    | Found a huge runed gate.
 67034 | Zot:5    | Found a huge runed gate.
 67034 | Zot:5    | Found a huge runed gate.
 67035 | Zot:5    | Found a huge runed gate.
 67036 | Zot:5    | Found a huge runed gate.
 67037 | Zot:5    | Found a huge runed gate.
 67038 | Zot:5    | Found a huge runed gate.
 67095 | Zot:5    | Found a huge runed gate.
 67095 | Zot:5    | Found a huge runed gate.
 67095 | Zot:5    | Found a huge runed gate.
 67096 | Zot:5    | Found a huge runed gate.
 67097 | Zot:5    | Found a huge runed gate.
 67100 | Zot:5    | Found a huge runed gate.
 67102 | Zot:5    | Found a huge runed gate.
 67104 | Zot:5    | Found a huge runed gate.
 68027 | Zot:5    | Noticed an ancient lich
 68030 | Zot:5    | Noticed a dread lich
 68044 | Zot:5    | Killed an ancient lich
 68068 | Zot:5    | Killed a dread lich
 68157 | Zot:5    | Noticed an orb of fire
 68157 | Zot:5    | Noticed a dread lich
 68183 | Zot:5    | Noticed an orb of fire
 68195 | Zot:5    | Noticed an orb of fire
 68205 | Zot:5    | Gained mutation: You are clumsy. (Dex -2) [an orb of fire]
 68206 | Zot:5    | Gained mutation: You are very clumsy. (Dex -4) [an orb of
                  | fire]
 68210 | Zot:5    | Gained mutation: You are dopey. (Int -2) [an orb of fire]
 68214 | Zot:5    | Gained mutation: Your body sometimes deteriorates upon
                  | taking damage. [an orb of fire]
 68220 | Zot:5    | Lost mutation: You are very robust. (+20% HP) [an orb of
                  | fire]
 68294 | Zot:5    | Gained mutation: You occasionally lose the ability to drink
                  | potions when taking damage. [an orb of fire]
 68299 | Zot:5    | Gained mutation: You passively map a small area around you.
                  | [an orb of fire]
 68299 | Zot:5    | Gained mutation: Your spells are a little easier to cast,
                  | but a little less powerful. [an orb of fire]
 68302 | Zot:5    | Gained mutation: You occasionally lose the ability to read
                  | scrolls when taking damage. [an orb of fire]
 68303 | Zot:5    | Killed an orb of fire
 68307 | Zot:5    | Killed a dread lich
 68308 | Zot:5    | Reached skill level 10 in Translocations
 68336 | Zot:5    | Lost mutation: You are very clumsy. (Dex -4) [potion of
                  | mutation]
 68336 | Zot:5    | Lost mutation: You are dopey. (Int -2) [potion of mutation]
 68336 | Zot:5    | Lost mutation: You are robust. (+10% HP) [potion of
                  | mutation]
 68336 | Zot:5    | Gained mutation: You have sharp fingernails. [potion of
                  | mutation]
 68336 | Zot:5    | Lost mutation: You are clumsy. (Dex -2) [potion of
                  | mutation]
 68337 | Zot:5    | Lost mutation: You occasionally lose the ability to read
                  | scrolls when taking damage. [potion of mutation]
 68337 | Zot:5    | Lost mutation: Your spells are a little easier to cast, but
                  | a little less powerful. [potion of mutation]
 68337 | Zot:5    | Gained mutation: You have large cloven feet. [potion of
                  | mutation]
 68337 | Zot:5    | Gained mutation: You have an increased reservoir of magic.
                  | (+10% MP) [potion of mutation]
 68409 | Zot:5    | Killed an orb of fire
 68410 | Zot:5    | Reached skill level 1 in Hexes
 68654 | Zot:5    | Noticed an orb of fire
 68667 | Zot:5    | Killed an orb of fire
 68738 | Zot:5    | Noticed a dread lich
 68746 | Zot:5    | Noticed a dread lich
 68753 | Zot:5    | Killed a dread lich
 68754 | Zot:5    | Gained mutation: You can hurl damnation. [demonic ancestry]
 68754 | Zot:5    | Reached XP level 27. HP: 211/231 MP: 41/41
 68766 | Zot:5    | Killed a dread lich
 68974 | Zot:5    | Noticed an orb of fire
 68975 | Zot:5    | Gained mutation: Your spells are a little easier to cast,
                  | but a little less powerful. [an orb of fire]
 68978 | Zot:5    | Gained mutation: Your flesh is cold resistant. (rC+) [an
                  | orb of fire]
 68984 | Zot:5    | Gained mutation: You are clumsy. (Dex -2) [an orb of fire]
 68989 | Zot:5    | Gained mutation: Armour fits poorly on your strangely
                  | shaped body. [an orb of fire]
 68992 | Zot:5    | Gained mutation: You occasionally lose the ability to read
                  | scrolls when taking damage. [an orb of fire]
 68994 | Zot:5    | Lost mutation: You have an increased reservoir of magic.
                  | (+10% MP) [an orb of fire]
 68995 | Zot:5    | Gained mutation: Your body often deteriorates upon taking
                  | damage. [an orb of fire]
 68996 | Zot:5    | Gained mutation: You occasionally shout uncontrollably at
                  | your foes. [an orb of fire]
 69000 | Zot:5    | Killed an orb of fire
 69001 | Zot:5    | Lost mutation: Armour fits poorly on your strangely shaped
                  | body. [potion of mutation]
 69001 | Zot:5    | Lost mutation: You have sharp fingernails. [potion of
                  | mutation]
 69001 | Zot:5    | Lost mutation: Your spells are a little easier to cast, but
                  | a little less powerful. [potion of mutation]
 69001 | Zot:5    | Gained mutation: Your mind is acute. (Int +4, Str/Dex -1)
                  | [potion of mutation]
 69336 | Zot:5    | Got the Orb of Zot
 69744 | D:13     | Noticed Iwnuofi the pandemonium lord
 69994 | D:$      | Escaped with the Orb!

Illustrated notes

Levels and vault maps discovered:
D:1:      ldierk_walled_garden_2, layout_basic
D:2:      layout_rooms, basic_altar
D:3:      layout_basic, chequers_ecumenical_altar_simple_redux,
          kennysheep_crisscross, kennysheep_generic_room_11
D:4:      layout_rooms, minmay_temple_entry_junction_2, serial_bayou_pond_c,
          corexii_checkpoint_b
D:5:      layout_rooms
D:6:      layout_loops_ring, minmay_shop_grid_forest
D:7:      layout_loops_ring, enter_bailey_2, uniq_duvessa,
          uniq_crazy_yiuf_cottage, uniq_maggie
D:8:      layout_loops_ring, serial_shops, shop, nicolae_shop_hallway_stairs,
          nicolae_inconvenience_store, nicolae_shop_trees, worms_lemuel,
          uniq_maurice
D:9:      layout_roguey, chequers_temple_overflow_minitemple,
          kennysheep_orc_monster_closet_entryway, nrook_uturn,
          nicolae_shop_self_help, uniq_gastronok
D:10:     layout_cave_pools, mainiacjoe_overflow_alcove_1, david_lair_generic,
          uniq_joseph
D:11:     minmay_the_grid_triangle_9x9_rhombus_full_mashed
          [minmay_the_grid_triangle_9x9_zippers_horizontal,
          minmay_the_grid_triangle_9x9_stretched_checkered,
          minmay_the_grid_triangle_9x9_flanged_cone,
          minmay_the_grid_triangle_9x9_thin_v,
          minmay_the_grid_triangle_9x9_sparse_checkered,
          minmay_the_grid_triangle_9x9_fully_insulated_deathbox,
          minmay_the_grid_triangle_9x9_steps,
          minmay_the_grid_triangle_9x9_prize_top_heavy], layout_cave_pools
D:12:     layout_roguey, special_room [special_room_orc]
D:13:     layout_loops_ring, david_vaults_4, elyvilon_altar_5, uniq_erolcha
D:14:     layout_loops_ring, serial_shops, shop,
          grunt_dithmenos_smoke_and_mirrors, uniq_louise
D:15:     hangedman_depths_entry_try_elsewhere_first, layout_gridville,
          minivault_11
Temple:   minmay_temple_bridge_d
Lair:1:   layout_regular_city, lemuel_centaur_altar
Lair:2:   layout_chaotic_city, guppyfry_snake_entry_garden, grunt_megastairs_1,
          uniq_nergalle
Lair:3:   layout_loops_ring, minmay_shoals_entry_lonely_mermaid
Lair:4:   layout_regular_city, portal_ice_cave_entry_ice_simulacra,
          serial_bayou_shore_a, lemuel_fruit_tree
Lair:5:   gammafunk_lair_ancient_temple, layout_layer_cave,
          minmay_slime_entry_jelly_boxes
Shoals:1: layout_shoals, uniq_nikola
Shoals:2: layout_shoals, uniq_polyphemus, uniq_donald, uniq_frances
Shoals:3: layout_shoals, uniq_ilsuiw, uniq_kirke
Shoals:4: shoals_end_grunt_ice, layout_shoals, nicolae_shop_gadgets
Snake:1:  layout_grid_maze, nicolae_triple_integral, minmay_shoptagon
Snake:2:  layout_misc_corridors, serial_shops, nicolae_shop_overgrown_old_shop
Snake:3:  layout_cave_town, nicolae_snake_bzzzt, uniq_roxanne
Snake:4:  johnstein_snake_rune_scales, layout_basic, gammafunk_ghost_necromancy,
          serial_bayou_shore_b, serial_bayou_shore_b
Orc:1:    layout_diamond_mine, dreamdust_deal_with_the_devil
Orc:2:    st_orc_ogre_mass, layout_caves, uniq_rupert, uniq_azrael,
          uniq_josephine
Elf:1:    eino_elf_arrival_altar, layout_geoelf_grid, evilmike_minifort
Elf:2:    elven_hall_of_blades_hangedman_original [grunt_blade_entry_basic],
          layout_geoelf_grid, minivault_25, uniq_aizul
Elf:3:    minmay_elf_hall_furrowed, layout_rooms, serial_shops, bzr_firewalk
Vaults:1: vaults_dpeg_encased_lava, special_room_vaults [special_room_orc],
          ontoclasm_vaults_spin, vaults_room_grunt_arrival_checkpoint, v_misc_9,
          vaults_standard_mumra_lines, hangedman_vaults_slither,
          nicolae_vaults_three_branches, ontoclasm_vaults_pinch,
          nicolae_vaults_ring_of_whatevers, layout_vaults_maze_bifur
Vaults:2: biasface_ghost_orc_armoury, nicolae_vaults_network_barrier,
          vaults_dpeg_emergency_exit, minmay_crypt_entry_skeletal_spiral,
          ontoclasm_vaults_ring_small, vaults_room_grid,
          ontoclasm_vaults_claustrophobia, ontoclasm_vaults_ring_large,
          vaults_room_stairs_pillars, layout_vaults_omnigrid, serial_shops,
          nicolae_shop_behind_doors
Vaults:3: portal_desolation_entry_holy_temple, nicolae_vaults_twisting_passages,
          vaults_mumra_hexcomb, ontoclasm_vaults_bender,
          ontoclasm_vaults_decontamination, vaults_room_door_hall,
          nicolae_vaults_border_crossing, nicolae_vaults_network_periphery,
          ontoclasm_vaults_shuriken, vaults_room_door_hall,
          dpeg_vaults_hating_casters, vaults_room_pool, vaults_dpeg_hooks,
          layout_vaults_omnicross, uniq_mara, uniq_margery
Vaults:4: gammafunk_ghost_split, v_rooms_2, v_misc_4,
          nicolae_vaults_network_star, nicolae_vaults_specimen_jars,
          vaults_room_pool, nicolae_vaults_little_squares_4,
          nicolae_vaults_display_case, layout_vaults_big_room, serial_shops,
          nicolae_shop_hallway_plus
Vaults:5: serial_shops
Crypt:1:  layout_basic, serial_sigils_hangedman_scratch
Crypt:2:  layout_rooms
Crypt:3:  grunt_crypt_end_deaths_head, uniq_grunn, uniq_vv, uniq_mennas,
          uniq_khufu
Depths:1: layout_forbidden_donut, grunt_mini_vestibule,
          lemuel_coloured_pillars_altar, minmay_misc_feat_ornament,
          serial_bayou_pond_a, st_stairs_4,
          nicolae_hepliaklqana_ecumenical_no_more
Depths:2: cheibrodos_cascadia, layout_gridville, enter_ziggurat_e, pan_entry,
          hell_entry, abyss_entry, nicolae_figureground_pulse,
          grunt_megastairs_4, uniq_saint_roka
Depths:3: minmay_spriggan_fort, layout_gridville, hell_entry, abyss_entry,
          infiniplex_staircase_pool_2, roderic_lattice_octagonal_star
Depths:4: grunt_zot_entry_pinwheel, layout_gridlike,
          nicolae_uskayaw_murder_on_the_dancefloor, marbit_kobold_abyss_entry,
          hell_entry, nicolae_yredelemnul_corpse_copse
Zot:1:    layout_onion, gammafunk_ghost_tricky_traps
Zot:2:    layout_misc_corridors, zot_minivault_1
Zot:3:    layout_concentric_octagons, uniq_parghit
Zot:4:    lemuel_draconian_sentries, layout_misc_corridors, grunt_ministairs_14,
          nicolae_lava_and_water, hangedman_feature_mirror, skrybe_zot_glass_3
Zot:5:    layout_gridlike, bh_zot_ikea_curve, not_door_vault_due

Skill      XL: |  1  2  3  4  5  6  7  8  9 10 11 12 13 14 15 16 17 18 19 20 21 22 23 24 25 26 27 |
---------------+----------------------------------------------------------------------------------+-----
Dodging        | 1 2 3 4 6 8 9 10 11 12 13 14 15 16 17 18 19 20 | 20.0
Throwing       | 2 3 4 5 |  5.0
Fighting       | 3 5 7 9 11 13 14 16 17 18 19 21 22 | 22.3
Stealth        | 4 5 7 9 10 | 10.0
Invocations    | 2 4 8 11 12 13 15 16 17 18 19 21 | 21.0
Ranged Weapons | 4 6 8 10 12 14 15 16 18 19 20 21 22 | 22.0
Armour         | 4 6 8 9 10 12 15 16 17 18 | 18.0
Short Blades   | 3 5 7 9 10 11 13 14 | 14.0
Evocations     | 2 6 8 |  8.0
Shields        | 1 9 10 | 10.0
Long Blades    | 2 |  2.2
Necromancy     | 4 8 |  8.8
Translocations | 4 11 12 | 12.0
Hexes          | 3 4 |  4.8

Action                   |  1- 3 |  4- 6 |  7- 9 | 10-12 | 13-15 | 16-18 | 19-21 | 22-24 | 25-27 || total
-------------------------+-------+-------+-------+-------+-------+-------+-------+-------+-------++-------
Melee: Dagger            |    76 |   134 |   251 |   613 |       |       |       |       |       ||  1074
       Punch             |       |     3 |     6 |     7 |       |       |       |       |       ||    16
       Long sword        |       |       |       |    23 |       |       |       |       |       ||    23
       Knife             |       |       |       |       |     8 |     7 |     8 |       |     8 ||    31
       Cutlass           |       |       |       |       |     1 |       |       |       |       ||     1
 Fire: Arbalest          |       |       |       |   262 |  1182 |  1457 |  1859 |  2387 |  1591 ||  8738
Throw: Dart              |    33 |    33 |    52 |    74 |       |       |       |       |       ||   192
       Javelin           |       |       |       |     1 |       |       |       |       |       ||     1
 Cast: Portal Projectile |       |       |       |       |       |       |       |       |     9 ||     9
Invok: Wall of Briars    |       |       |     2 |     6 |    12 |    20 |    27 |    24 |    14 ||   105
       Grow Ballistomyce |       |       |       |     2 |     4 |     1 |     3 |     3 |       ||    13
       Overgrow          |       |       |       |     1 |     1 |     1 |     1 |     3 |     1 ||     8
       Grow Oklob        |       |       |       |       |     2 |     2 |     2 |     4 |     5 ||    15
 Abil: Hurl Damnation    |       |       |       |       |       |       |       |       |     1 ||     1
Evoke: Wand              |       |       |       |     9 |       |     3 |       |       |     9 ||    21
       Condenser vane    |       |       |       |       |       |     1 |     3 |     2 |     1 ||     7
       Lightning rod     |       |       |       |       |       |       |     4 |       |       ||     4
       Box of beasts     |       |       |       |       |       |       |     3 |     2 |     1 ||     6
       Piece from Xom's  |       |       |       |       |       |       |     2 |       |       ||     2
       Phantom mirror    |       |       |       |       |       |       |       |       |     2 ||     2
  Use: Scroll            |       |       |     4 |    19 |    12 |     6 |    14 |    15 |     6 ||    76
       Potion            |       |       |       |     1 |     3 |     3 |       |     9 |    11 ||    27
 Stab: Sleeping          |    11 |     4 |     5 |     6 |     3 |     7 |     6 |       |     8 ||    50
Armor: Robe              |     8 |       |       |       |       |       |       |       |       ||     8
       Leather armour    |     8 |       |       |       |       |       |       |       |       ||     8
       Ring mail         |    13 |    46 |    92 |   250 |   229 |   185 |   134 |       |       ||   949
       Swamp dragon scal |       |       |       |    32 |       |       |       |       |       ||    32
       Fire dragon scale |       |       |       |       |       |       |   191 |   643 |   471 ||  1305
Dodge: Dodged            |    33 |    68 |   159 |   834 |   911 |   530 |   911 |  1820 |  1433 ||  6699
Block: Other             |       |       |       |     7 |    16 |       |       |       |       ||    23
       Reflection        |       |       |       |       |     1 |       |       |       |       ||     1
